 Dungeon Crawl Stone Soup version 0.18-a0-1554-g49b38aa (webtiles) character file.

609 Psiweapon the Ruffian (level 7, -6/56 (59) HPs)
             Began as a Ghoul Warper on Mar 12, 2016.
             Mangled by an ogre
             ... wielding a cursed -1 giant club
              (9 damage)
             ... on level 5 of the Dungeon.
             The game lasted 00:15:29 (4007 turns).

Psiweapon the Ruffian (Ghoul Warper)                Turns: 4007, Time: 00:15:29

HP:   -6/56 (59)    AC:  4    Str: 15    XL:     7   Next: 43%
MP:   7/9           EV: 12    Int:  8    God:
Gold: 276           SH:  0    Dex: 10    Spells: 3 memorised, 5 levels left

rFire  . . .     SeeInvis .       - Unarmed
rCold  + . .     Gourm    .     a - +0 leather armour
rNeg   + + +     Faith    .     (no shield)
rPois  ∞         Spirit   .     (no helmet)
rElec  .         Dismiss  .     (no cloak)
rCorr  .         Reflect  .     (no gloves)
SustAt +         Harm     .     t - +0 pair of boots
MR     .....                    (no amulet)
Stlth  +.........               (no ring)
                                u - ring of sustain attributes

@: rotting, not resistant to hostile enchantments, very unstealthy
A: rotting body, claws 1, carnivore 3, cold resistance 1, negative energy
resistance 3, slow regeneration 1, torment resistance, unbreathing
a: no special abilities


You were on level 5 of the Dungeon.
You were not hungry.

You visited 1 branch of the dungeon, and saw 5 of its levels.

You collected 276 gold pieces.

Inventory:

Hand Weapons
 s - a cursed -2 dagger
 w - a +0 broad axe
Missiles
 d - 5 tomahawks of dispersal
 g - 143 stones (quivered)
 q - 2 throwing nets
Armour
 a - a +0 leather armour (worn)
 t - a +0 pair of boots (worn)
 x - a +0 pair of gloves
Jewellery
 u - a ring of sustain attributes (left claw)
Wands
 v - a wand of iceblast (6/15)
Scrolls
 c - 2 scrolls of blinking
 e - 3 scrolls of fog {unknown}
 k - 2 scrolls of random uselessness {unknown}
 l - 4 scrolls of identify {unknown}
 m - 2 scrolls of teleportation {unknown}
 p - 4 scrolls of remove curse {unknown}
 y - a scroll of magic mapping {unknown}
Potions
 h - a potion of cancellation {unknown}
 j - a potion of agility {unknown}
 n - a potion of magic {unknown}
 o - a potion of cure mutation {unknown}
 r - a potion of mutation {unknown}
 z - a potion of invisibility {unknown}
 A - a potion of brilliance {unknown}
Books
 b - a book of Spatial Translocations

   Spells                             Type                      Level
   a - Apportation                    Translocation                1
   b - Blink                          Translocation                2
   c - Shroud of Golubria             Charms/Translocation         2
   d - Portal Projectile              Translocation                3
   e - Teleport Other                 Translocation                3
   f - Passage of Golubria            Translocation                4
Comestibles
 f - a meat ration
 i - 3 beef jerkies


   Skills:
 + Level 4.0 Fighting
 + Level 1.0 Throwing
 + Level 2.2 Armour
 + Level 3.9 Dodging
 + Level 1.4 Stealth
 + Level 4.2 Unarmed Combat
 + Level 2.2 Spellcasting
 + Level 1.8 Charms
 + Level 3.4 Translocations


You had 5 spell levels left.
You knew the following spells:

 Your Spells              Type           Power        Failure   Level  Hunger
a - Apportation           Tloc           #.........   12%         1    ##.....
b - Blink                 Tloc           N/A          17%         2    ###....
c - Shroud of Golubria    Chrm/Tloc      #.........   24%         2    ###....


Dungeon Overview and Level Annotations

Branches:
Dungeon (5/15)
 Temple: D:4-7

Altars:
Gozag
Kikubaaqudgha
Okawaru


Innate Abilities, Weirdness & Mutations

Your body is rotting away.
You thrive on raw meat.
You are immune to poison.
You have sharp fingernails.
You are carnivorous and can eat meat at any time.
Your flesh is cold resistant.
You are immune to negative energy.
You regenerate slowly when monsters are visible.
You are immune to unholy pain and torment.
You can survive without breathing.


Message History

You barely miss the ogre. The ogre hits you with a giant club!!
Your shroud falls apart!
You scratch the ogre.
The ogre is lightly wounded.
You scratch the ogre.
The ogre is lightly wounded.
The ogre misses you.
You scratch the ogre.
The ogre is moderately wounded.
The ogre hits you with a giant club.
You claw the ogre!
The ogre is heavily wounded.
The ogre hits you with a giant club!!
* * * LOW HITPOINT WARNING * * *
You scratch the ogre.
The ogre is severely wounded.
You scratch the ogre.
The ogre is severely wounded.
The ogre hits you with a giant club!
You die...

#.#.#
#.############...
#.#.#
#.#..............
#.#.#
####...w...w.O....).
#.#.#
#...)..#######......
#.#.# #.###O.# #.#...
#.#.## #.# #..# .# ##
#..#.#### ##.###>.# #
#.###...####...##..##
##.#.##........@Ow..#
####.########...##..##
.....# ##.###.##
###### #.# #.# ...#
#.# #.# ##.# #.# #.#
#.# #.###.#########.
#.# #...<...........
#.# #######.#########.


You could see an ogre and a worm.

Vanquished Creatures
  Sigmund (D:5)
  The ghost of donomii the Digger, an amateur GrEE of Cheibriados (D:4)
  An ice beast (D:5)
  A howler monkey (D:4)
  A hound (D:5)
  A mummy (D:4)
  A hound skeleton (D:4)
  7 adders
  2 oozes
  An adder zombie (D:4)
  2 worms
  4 giant geckos
  An orc (D:4)
  4 bats
  5 giant cockroaches
  9 goblins
  7 hobgoblins
  6 jackals (D:1)
  A quokka (D:4)
  A ball python (D:1)
  A giant gecko skeleton (D:4)
  A giant newt (D:1)
  A hobgoblin zombie (D:4)
  5 kobolds
  3 orc zombies (D:4)
  6 rats
74 creatures vanquished.

Notes
Turn   | Place    | Note
--------------------------------------------------------------
     0 | D:1      | Psiweapon the Ghoul Warper began the quest for the Orb.
     0 | D:1      | Reached XP level 1. HP: 17/17 MP: 2/2
    73 | D:1      | Reached XP level 2. HP: 18/24 MP: 3/3
   143 | D:1      | Learned a level 2 spell: Blink
   374 | D:1      | Reached skill level 1 in Armour
   500 | D:2      | Reached XP level 3. HP: 25/30 MP: 4/4
  1398 | D:1      | Reached XP level 4. HP: 34/37 MP: 5/5
  2084 | D:3      | Found an opulent altar of Gozag.
  2211 | D:3      | Found an ancient bone altar of Kikubaaqudgha.
  2271 | D:4      | Reached XP level 5. HP: 43/45 MP: 6/6
  2292 | D:4      | Learned a level 2 spell: Shroud of Golubria
  2841 | D:4      | Found an iron altar of Okawaru.
  2860 | D:4      | Noticed donomii's ghost (amateur GrEE)
  2882 | D:4      | Killed donomii's ghost
  2882 | D:4      | Reached skill level 1 in Stealth
  2882 | D:4      | Reached XP level 6. HP: 26/51 MP: 7/7
  3211 | D:5      | Entered Level 5 of the Dungeon
  3211 | D:5      | Noticed an ice beast
  3229 | D:5      | HP: 2/51 [ice beast (7)]
  3234 | D:5      | Killed an ice beast
  3234 | D:5      | Reached skill level 1 in Throwing
  3234 | D:5      | Reached skill level 1 in Charms
  3620 | D:5      | Reached XP level 7. HP: 39/57 MP: 6/9
  3696 | D:5      | Noticed Sigmund
  3711 | D:5      | Killed Sigmund
  4007 | D:5      | Mangled by an ogre

Vault maps used:
D:1:      scummos_arrival_star, grunt_decor_mini_mirrors
D:3:      lemuel_coloured_pillars_altar, first_bread,
          minmay_misc_feat_more_columns, grunt_gozag_statues,
          uniq_crazy_yiuf_cottage
D:4:      kennysheep_mini, minmay_mini_ossuary
D:5:      grunt_temple_overflow_open, lemuel_round_altar, uniq_sigmund

Skill      XL: |  1  2  3  4  5  6  7 |
---------------+----------------------+-----
Armour         | 1 2 |  2.2
Translocations | 3 |  3.4
Dodging        | 2 3 |  3.9
Unarmed Combat | 3 4 |  4.2
Fighting       | 3 4 |  4.0
Stealth        | 1 |  1.4
Throwing       | 1 |  1.0
Spellcasting   | 2 |  2.2
Charms         | 1 |  1.8

Action                   |  1- 3 |  4- 6 |  7- 9 || total
-------------------------+-------+-------+-------++-------
Melee: Unarmed           |   168 |   182 |    17 ||   367
Throw: Stone             |       |     2 |       ||     2
 Cast: Shroud of Golubri |       |     4 |     2 ||     6
  Eat: Chunk             |     9 |     8 |       ||    17
       Beef jerky        |       |     1 |       ||     1
